 Dungeon Crawl Stone Soup version 0.22-a0-568-g270d1ae (webtiles) character file.

9376 Firecrotchwizard the Basher (level 11, -13/74 HPs)
             Began as a Gargoyle Berserker on June 30, 2018.
             Was a High Priest of Trog.
             Mangled by a komodo dragon (16 damage)
             ... on level 1 of the Lair of Beasts.
             The game lasted 00:20:04 (9033 turns).

Firecrotchwizard the Basher (Gargoyle Berserker)    Turns: 9033, Time: 00:20:05

Health: -13/74     AC: 29    Str: 25    XL:     11   Next: 45%
Magic:  11/11      EV: 11    Int:  7    God:    Trog [*****.]
Gold:   294        SH:  0    Dex:  9    Spells: 10/10 levels left

rFire    . . .     SeeInvis +   o - +0 dire flail (curse)
rCold    . . .     Gourm    .   (shield currently unavailable)
rNeg     + + .     Faith    .   D - quicksilver dragon scales
rPois    ∞         Spirit   .   (no helmet)
rElec    +         Reflect  .   e - +2 cloak
rCorr    +         Harm     .   y - +0 pair of gloves of Nobility {+Fly rN+ rCorr}
MR       +....                  F - +2 pair of boots {Stlth+}
Stlth    +.........             (no amulet)
HPRegen  0.22/turn              s - ring of see invisible {sInv, !d}
MPRegen  0.12/turn              B - +4 ring of protection

@: no status effects
A: negative energy resistance 1, electricity resistance, unbreathing,
petrification resistance, rot immunity, AC +8
a: Berserk, Trog's Hand, Brothers in Arms, Renounce Religion, Evoke Flight


You were on level 1 of the Lair of Beasts.
You worshipped Trog.
Trog was extremely pleased with you.
You were hungry.

You visited 2 branches of the dungeon, and saw 11 of its levels.

You collected 464 gold pieces.
You spent 170 gold pieces at shops.

Inventory:

Hand Weapons
 k - a +0 flail
   (You bought it in a shop on level 8 of the Dungeon)
 o - a cursed +0 dire flail (weapon)
   (You took it off a wight on level 9 of the Dungeon)
 E - a +1 arbalest of freezing
   (Trog gifted it to you on level 9 of the Dungeon)
Missiles
 q - 2 curare-tipped needles
Armour
 e - a +2 cloak (worn)
   (You found it on level 1 of the Dungeon)
 n - a +2 chain mail of cold resistance
   (You took it off Terence on level 1 of the Dungeon)
 y - the +0 pair of gloves of Nobility (worn) {+Fly rN+ rCorr}
   (You found it on level 5 of the Dungeon)

   It protects you from negative energy.
   It lets you fly.
   It protects you from acid and corrosion.
 D - quicksilver dragon scales (worn)
   (You found it on level 7 of the Dungeon)
 F - a +2 pair of boots of stealth (worn)
   (You found it on level 9 of the Dungeon)
Jewellery
 f - an uncursed ring of flight {+Fly, !d}
   (You bought it in a shop on level 9 of the Dungeon)
 s - a ring of see invisible (left hand) {sInv, !d}
   (You found it on level 2 of the Dungeon)
 B - a +4 ring of protection (right hand)
   (You found it on level 5 of the Dungeon)
Wands
 a - a wand of paralysis (11)
   (You found it on level 9 of the Dungeon)
Scrolls
 d - 7 scrolls of identify
 i - a scroll of enchant armour
 l - 2 scrolls of remove curse
 r - 2 scrolls of teleportation
 t - a scroll of immolation {!r}
 u - 4 scrolls of magic mapping {!r}
Potions
 b - 2 potions of might {unknown}
 g - 4 potions of heal wounds
 h - a potion of mutation {unknown}
 j - 2 potions of magic
 m - 8 potions of curing
 p - a potion of cancellation {unknown}
 v - 3 potions of berserk rage {unknown}
 w - a potion of agility {unknown}
 x - 4 potions of haste
 z - 2 potions of ambrosia
 A - 5 potions of flight {unknown}
 C - a potion of resistance
Comestibles
 c - 12 rations {@e1}
 G - 17 chunks of flesh {@w0}


   Skills:
 + Level 11.4 Fighting
 * Level 14.1 Maces & Flails
 - Level 2.1 Armour
 - Level 1.5 Dodging


You had 10 spell levels left.
You didn't know any spells.
Your spell library was empty.

Dungeon Overview and Level Annotations

Branches:
Dungeon (10/15)            Temple (0/1) D:6            Lair (1/6) D:9
    Orc: D:9-12

Altars:
Cheibriados
Dithmenos
Elyvilon
Gozag
Hepliaklqana
Uskayaw
Vehumet
Wu Jian
Xom

Shops:
D:8 (%   D:9 *

Annotations:
D:10 exclusion: ice statue


Innate Abilities, Weirdness & Mutations

You are resistant to torment.
Your stone body is resilient. (AC +8)
You are immune to poison.
You resist negative energy. (rN+)
You are resistant to electric shocks. (rElec)
You can survive without breathing.
You are immune to petrification.
You are immune to rotting.


Message History

A komodo dragon comes into view.
You butcher the wolf corpse.
Things that are here:
3 chunks of flesh {@w0}; a wolf skeleton The komodo dragon bites you but does no damage.
Your iron troll rages.
Things that are here:
a wolf corpse x2
You swap places.
The komodo dragon bites your iron troll!!
Your iron troll closely misses the komodo dragon.
Your iron troll barely misses the komodo dragon.
Your iron troll claws the komodo dragon!
The komodo dragon bites your iron troll!
You hear an angry hiss.
Things that are here:
3 chunks of flesh {@w0}; a wolf skeleton You hear an angry hiss.
You hear a croak.
Your iron troll bites the komodo dragon but does no damage.
Your iron troll claws the komodo dragon!!
The komodo dragon dies!
Trog accepts your kill.
You hear an angry hiss. x2
There isn't anything to butcher here.
You swap places.
You hear a loud, deep croak!
Things that are here:
a wolf corpse x2
You butcher the wolf corpse.
G - 17 chunks of flesh {@w0} (gained 4)
You see here a wolf corpse.
A komodo dragon comes into view.
You see here a komodo dragon corpse.
You butcher the komodo dragon corpse.
Your iron troll rages.
The komodo dragon barely misses you.
You hear an angry hiss.
You see here 5 chunks of flesh {@w0}.
You swap places.
Your iron troll is no longer berserk.
Your iron troll bites the komodo dragon but does no damage.
Your iron troll claws the komodo dragon.
Your iron troll claws the komodo dragon!
The komodo dragon bites your iron troll!
Your iron troll bites the komodo dragon.
Your iron troll claws the komodo dragon but does no damage.
Your iron troll claws the komodo dragon!
You see here a wolf corpse.
You feel yourself speed up.
The komodo dragon barely misses your iron troll.
The komodo dragon bites your iron troll.
Your iron troll bites the komodo dragon.
Your iron troll claws the komodo dragon!
The komodo dragon dies!
Trog accepts your kill.
Your Maces & Flails skill increases to level 14!
Things that are here:
3 chunks of flesh {@w0}; a wolf skeleton A spiny frog comes into view.
The komodo dragon bites your iron troll!
Your iron troll disappears in a puff of smoke!
A komodo dragon comes into view.
You puncture the komodo dragon! The komodo dragon barely misses you.
You completely miss the komodo dragon. You sock the komodo dragon!
The komodo dragon barely misses you.
You barely miss the komodo dragon. The komodo dragon bites you!
You take 9 damage, and have 33/74 hp.
You hit the komodo dragon but do no damage.
You puncture the komodo dragon! The komodo dragon bites you.
You take 4 damage, and have 29/74 hp.
You barely miss the komodo dragon. You thump the komodo dragon!
You kill the komodo dragon!
Trog accepts your kill.
You puncture the spiny frog! The spiny frog closely misses you.
You impale the spiny frog!! The spiny frog closely misses you.
You closely miss the spiny frog. You hit the spiny frog.
You kill the spiny frog!
Trog accepts your kill.
You hit the komodo dragon but do no damage.
You puncture the komodo dragon! The komodo dragon bites you.
You take 5 damage, and have 25/74 hp.
You barely miss the komodo dragon.
The komodo dragon bites you but does no damage.
You hit the komodo dragon but do no damage.
You hit the komodo dragon but do no damage.
The komodo dragon bites you!
* * * LOW HITPOINT WARNING * * *
You take 14 damage, and have 11/74 hp.
You hit the komodo dragon.
You recover from your berserk rage.
You barely miss the komodo dragon. The komodo dragon bites you!
* * * LOW HITPOINT WARNING * * *
You take 9 damage, and have 2/74 hp.
You barely miss the komodo dragon.
The komodo dragon bites you but does no damage.
You impale the komodo dragon!! You puncture the komodo dragon!
The komodo dragon bites you!
You die...

. ...##.#
..#...#..
...P?.#.#
........#
......#.#
#†.# #%##
#l# #@#
##.# #..#
##..#
#..##
#.## ##.#
##..#
#..##


You could see a komodo dragon.

Vanquished Creatures
  A two-headed ogre (D:9)
  A spiny frog (Lair:1)
  3 komodo dragons (Lair:1)
  A troll (D:9)
  5 hippogriffs
  A steam dragon (D:9)
  A hungry ghost (D:8)
  3 water moccasins (D:9)
  Duvessa (D:6)
  2 ice beasts (D:9)
  3 orc warriors
  6 necrophages
  2 ogres
  A phantom (D:9)
  7 wolves
  4 centaurs
  8 bullfrogs
  A gnoll sergeant (D:6)
  Dowan (D:6)
  3 scorpions
  7 wights
  2 howler monkeys (D:9)
  2 electric eels (D:9)
  4 crimson imps
  A bullfrog zombie (D:7)
  6 orc wizards
  2 centaur zombies (D:7)
  6 hounds
  5 orc priests
  A bullfrog skeleton (D:9)
  A centaur skeleton (D:8)
  6 jellies
  An iguana (D:4)
  Terence (D:1)
  14 worker ants
  2 ogre zombies (D:9)
  A hound zombie (D:6)
  3 worker ant zombies
  9 gnolls (D:6)
  7 adders
  A howler monkey skeleton (D:5)
  An orc zombie (D:9)
  A shadow imp (D:8)
  6 oozes
  An adder skeleton (D:6)
  2 worms
  2 dart slugs (D:2)
  5 leopard geckos
  19 orcs
  4 giant cockroaches
  12 goblins
  12 hobgoblins
  19 jackals
  2 quokkas
  2 ball pythons
  5 bats
  4 frilled lizards
  11 kobolds
  A leopard gecko zombie (D:7)
  8 rats
254 creatures vanquished.

Vanquished Creatures (collateral kills)
  A hydra (D:7)
  3 komodo dragons (Lair:1)
  A necrophage (D:7)
5 creatures vanquished.

Vanquished Creatures (others)
  A plant (Lair:1)
1 creature vanquished.

Grand Total: 260 creatures vanquished

Notes
Turn   | Place    | Note
-------+----------+-------------------------------------------
     0 | D:1      | Firecrotchwizard the Gargoyle Berserker began the quest for the Orb.
     0 | D:1      | Reached XP level 1. HP: 14/14 MP: 1/1
   110 | D:1      | Reached XP level 2. HP: 15/19 MP: 2/2
   501 | D:1      | Reached XP level 3. HP: 24/24 MP: 3/3
   519 | D:1      | Reached ** piety under Trog
   731 | D:2      | Found an ornate altar of the Wu Jian Council.
   731 | D:2      | Noticed Terence
   755 | D:1      | Reached skill level 4 in Maces & Flails
   763 | D:1      | Killed Terence
   763 | D:1      | Reached skill level 4 in Fighting
   763 | D:1      | Reached XP level 4. HP: 21/29 MP: 4/4
   975 | D:2      | Found a shadowy altar of Dithmenos.
  1154 | D:2      | Found a snail-covered altar of Cheibriados.
  1546 | D:3      | Reached XP level 5. HP: 30/34 MP: 5/5
  1549 | D:3      | Reached *** piety under Trog
  1650 | D:3      | Reached skill level 5 in Maces & Flails
  2375 | D:4      | Reached skill level 5 in Fighting
  2375 | D:4      | Reached XP level 6. HP: 14/40 MP: 6/6
  2596 | D:4      | Reached skill level 6 in Maces & Flails
  2613 | D:4      | Reached XP level 7. HP: 22/44 MP: 7/7
  2620 | D:4      | HP: 9/44 [worker ant (3)]
  2895 | D:4      | You fall through a shaft for 2 floors!
  2908 | D:6      | Reached skill level 7 in Maces & Flails
  2918 | D:5      | Entered Level 5 of the Dungeon
  2928 | D:5      | Found a white marble altar of Elyvilon.
  3041 | D:4      | Reached **** piety under Trog
  3284 | D:4      | Reached skill level 6 in Fighting
  3558 | D:5      | Found an opulent altar of Gozag.
  3574 | D:5      | Got a pair of heavily runed gloves
  3642 | D:5      | Identified the cursed +0 pair of gloves of Nobility {+Fly rN+ rCorr} (You found it on level 5 of the Dungeon)
  3665 | D:5      | Found a radiant altar of Vehumet.
  3834 | D:5      | HP: 16/69 [ogre/giant club (15)]
  3837 | D:5      | Reached XP level 8. HP: 12/52 MP: 8/8
  4149 | D:5      | Reached skill level 8 in Maces & Flails
  4216 | D:5      | Found a shimmering altar of Xom.
  4217 | D:5      | Found a hide-covered altar of Uskayaw.
  4748 | D:6      | Found a staircase to the Ecumenical Temple.
  4843 | D:6      | Reached skill level 7 in Fighting
  5064 | D:6      | Reached skill level 9 in Maces & Flails
  5152 | D:6      | Found a hazy altar of Hepliaklqana.
  5339 | D:6      | Noticed Duvessa
  5339 | D:6      | Noticed Dowan
  5348 | D:6      | Killed Duvessa
  5353 | D:6      | Killed Dowan
  5353 | D:6      | Reached XP level 9. HP: 58/58 MP: 9/9
  5601 | D:7      | Reached skill level 8 in Fighting
  5667 | D:6      | Reached skill level 10 in Maces & Flails
  5887 | D:7      | Reached ***** piety under Trog
  5965 | D:7      | Noticed a seven-headed hydra
  5972 | D:7      | Killed a seven-headed hydra
  5972 | D:7      | Reached skill level 9 in Fighting
  5972 | D:7      | Reached skill level 11 in Maces & Flails
  6190 | D:7      | Reached XP level 10. HP: 37/66 MP: 10/10
  6975 | D:8      | Reached skill level 12 in Maces & Flails
  7026 | D:8      | Found Luaguykue's Food Shoppe.
  7238 | D:8      | Found Kuisag's Weapon Boutique.
  7246 | D:8      | Bought a +0 flail for 45 gold pieces
  7636 | D:9      | Reached skill level 10 in Fighting
  7687 | D:9      | Found Saerop's Assorted Antiques.
  7695 | D:9      | Bought a garnet ring for 125 gold pieces
  7785 | D:9      | Found a staircase to the Lair.
  8122 | D:9      | Reached skill level 13 in Maces & Flails
  8189 | D:9      | Noticed a two-headed ogre
  8206 | D:9      | Killed a two-headed ogre
  8206 | D:9      | Reached XP level 11. HP: 55/73 MP: 11/11
  8211 | D:9      | Received a gift from Trog
  8391 | D:9      | Found a transporter.
  8501 | D:9      | Found a transporter.
  8745 | D:9      | Reached skill level 11 in Fighting
  8825 | D:10     | Entered Level 10 of the Dungeon
  8912 | Lair:1   | Entered Level 1 of the Lair of Beasts
  9007 | Lair:1   | Reached skill level 14 in Maces & Flails
  9028 | Lair:1   | HP: 11/74 [komodo dragon (14)]
  9030 | Lair:1   | HP: 2/74 [komodo dragon (9)]
  9033 | Lair:1   | Mangled by a komodo dragon

Vault maps used:
D:1:      minmay_arrival_nine_rooms, skrybe_limestone_x, serial_bayou_lagoon_a
D:2:      overflow_temple_1_default, old_standard_altar,
          grunt_dithmenos_smoke_and_mirrors, uniq_terence
D:3:      grunt_ministairs_12
D:4:      minmay_ruptured
D:5:      lemuel_doored_altar, gammafunk_temple_overflow_pools, basic_altar,
          first_ration, grunt_gozag_statues
D:6:      lemuel_crystal_altar, minmay_temple_entry_large_hall, uniq_duvessa
D:7:      serial_undead, serial_undead_e, serial_undead_d, serial_undead_e,
          serial_undead_b, serial_undead_a, serial_undead_c
D:8:      serial_shops, shop, shop_fountains
D:9:      gammafunk_cloud_chamber, erik_lair_island, serial_shops,
          nicolae_shop_trees, hangedman_little_slice_of_home
D:10:     erik_orc_4, serial_shops, shop, gammafunk_ghost_grave, minivault_16
Lair:1:   beast_lair_carwin_1, serial_bayou_shore_a

Skill      XL: |  1  2  3  4  5  6  7  8  9 10 11 |
---------------+----------------------------------+-----
Maces & Flails | 4 5 6 7 9 11 13 14 | 14.1
Fighting       | 4 5 6 7 9 10 11 | 11.4
Armour         | |  2.1
Dodging        | |  1.5

Action                   |  1- 3 |  4- 6 |  7- 9 | 10-12 || total
-------------------------+-------+-------+-------+-------++-------
Melee: Mace              |   104 |   216 |   595 |   127 ||  1042
       Dire flail        |       |       |       |   243 ||   243
       Flail             |       |       |       |    45 ||    45
Invok: Berserk           |       |     2 |     3 |     5 ||    10
       Trog's Hand       |       |     1 |     3 |       ||     4
       Brothers in Arms  |       |       |     1 |     1 ||     2
Evoke: Wand              |       |       |       |     2 ||     2
  Use: Scroll            |       |       |     8 |    12 ||    20
 Stab: Paralysed         |       |       |       |     4 ||     4
  Eat: Chunk             |       |     6 |    12 |     8 ||    26
       Ration            |       |       |     2 |     3 ||     5
Armor: Animal skin       |    24 |       |       |       ||    24
       Ring mail         |    31 |       |       |       ||    31
       Chain mail        |       |   195 |   610 |    43 ||   848
       Quicksilver drago |       |       |       |   174 ||   174
Dodge: Dodged            |    86 |   105 |   336 |   184 ||   711

Table legend:
 A = Spawn XP
 B = Non-spawn XP
 C = Spawn XP percentage of total XP
 D = Spawn monster count
 E = Non-spawn monster count
 F = Spawn count percentage of total count
 G = Total turns spent on level
                    A         B        C        D         E        F      G
               +---------+---------+-------+---------+---------+-------+---------
         Total |       0 |   13395 |   0.0 |       0 |     259 |   0.0 |  9033
               +---------+---------+-------+---------+---------+-------+---------
           D:1 |       0 |      85 |   0.0 |       0 |      30 |   0.0 |   834
           D:2 |       0 |      58 |   0.0 |       0 |      17 |   0.0 |   630
           D:3 |       0 |     125 |   0.0 |       0 |      35 |   0.0 |   849
           D:4 |       0 |     546 |   0.0 |       0 |      26 |   0.0 |  1191
           D:5 |       0 |     580 |   0.0 |       0 |      13 |   0.0 |  1198
           D:6 |       0 |    1623 |   0.0 |       0 |      35 |   0.0 |  1118
           D:7 |       0 |    2340 |   0.0 |       0 |      31 |   0.0 |  1066
           D:8 |       0 |     879 |   0.0 |       0 |       9 |   0.0 |   707
           D:9 |       0 |    4307 |   0.0 |       0 |      51 |   0.0 |  1259
        Lair:1 |       0 |    2852 |   0.0 |       0 |      12 |   0.0 |   121
               +---------+---------+-------+---------+---------+-------+---------

Vault maps used:
D:1:      minmay_arrival_nine_rooms, skrybe_limestone_x, serial_bayou_lagoon_a
D:2:      overflow_temple_1_default, old_standard_altar,
          grunt_dithmenos_smoke_and_mirrors, uniq_terence
D:3:      grunt_ministairs_12
D:4:      minmay_ruptured
D:5:      lemuel_doored_altar, gammafunk_temple_overflow_pools, basic_altar,
          first_ration, grunt_gozag_statues
D:6:      lemuel_crystal_altar, minmay_temple_entry_large_hall, uniq_duvessa
D:7:      serial_undead, serial_undead_e, serial_undead_d, serial_undead_e,
          serial_undead_b, serial_undead_a, serial_undead_c
D:8:      serial_shops, shop, shop_fountains
D:9:      gammafunk_cloud_chamber, erik_lair_island, serial_shops,
          nicolae_shop_trees, hangedman_little_slice_of_home
D:10:     erik_orc_4, serial_shops, shop, gammafunk_ghost_grave, minivault_16
Lair:1:   beast_lair_carwin_1, serial_bayou_shore_a

Table legend:
 A = Turns spent in this place as a percentage of turns spent in the entire game.
 B = Non-inter-level travel turns spent in this place as a percentage of non-inter-level travel turns spent in the entire game.
 C = Inter-level travel turns spent in this place as a percentage of turns spent in this place.
 D = Turns resting spent in this place as a percentage of non-inter-level travel turns spent in this place.
 E = Turns spent auto-exploring this place as a percentage of non-inter-level travel turns spent in this place.
 F = Non-inter-level travel turns spent in this place divided by the number of levels of this place that you've seen.
                   A       B       C       D       E      F
               +-------+-------+-------+-------+-------+----------------------
         Total | 100.0 | 100.0 |   3.7 |  28.2 |  44.7 | 790.5
       Dungeon |  98.7 |  98.6 |   3.8 |  28.6 |  45.2 | 857.5
          Lair |   1.3 |   1.4 |   0.8 |   0.0 |   7.5 | 120.0
               +-------+-------+-------+-------+-------+----------------------

Table legend:
 A = Kills in this place as a percentage of kills in entire the game.
 B = Kills by you in this place as a percentage of kills by you in the entire game.
 C = Kills by friends in this place as a percentage of kills by friends in the entire game.
 D = Other kills in this place as a percentage of other kills in the entire game.
 E = Experience gained in this place as a percentage of experience gained in the entire game.
 F = Experience gained in this place divided by the number of levels of this place that you have seen.
                   A       B       C       D       E      F
               +-------+-------+-------+-------+-------+----------------------
         Total | 100.0 | 100.0 | 100.0 |   N/A | 100.0 | 1217.7
       Dungeon |  95.4 |  96.5 |  40.0 |   N/A |  78.7 | 1054.3
          Lair |   4.6 |   3.5 |  60.0 |   N/A |  21.3 | 2852.0
               +-------+-------+-------+-------+-------+----------------------
